 Dungeon Crawl Stone Soup version 0.27-a0-1312-g5cdb2b3542 (webtiles) character file.

Game seed: 1295087150038615323

20036 mdonais the Fighter (level 12, 0/82 HPs)
             Began as an Octopode Wanderer on June 17, 2021.
             Was a Believer of Ashenzari.
             Slain by a two-headed ogre (28 damage)
             ... in a volcano on June 20, 2021.
             The game lasted 01:36:16 (20660 turns).

mdonais the Fighter (Octopode Wanderer)            Turns: 20660, Time: 01:36:16

Health: 0/82       AC:  1    Str:  9    XL:     12   Next: 75%
Magic:  2/22       EV: 14    Int: 24    God:    Ashenzari [**....]
Gold:   690        SH: 11    Dex: 14    Spells: 4/25 levels left

rFire    . . .     SeeInvis +   z - +12 trident "Eternal Together" {drain, rF+ rN+ Int+5, Alch, Comp} (curse)
rCold    + . .     Faith    .   E - +0 kite shield of the Cryptic Black Moon {Evo, Fort} (curse)
rNeg     + . .     Spirit   .   (helmet restricted)
rPois    .         Reflect  .   r - amulet of regeneration
rElec    .         Harm     .   s - ring "At What Cost Knowledge?" {SInv, Alch, Comp} (curse)
rCorr    .         Rampage  .   F - ring of the Sublime Prison {Ice, Bglg, Fort} (curse)
Will     .....                  (no ring)
Stlth    ++++......             (no ring)
HPRegen  1.23/turn              (no ring)
MPRegen  0.18/turn              (no ring)
                                (no ring)
                                (no ring)

@: no status effects
A: almost no armour, amphibious, 8 rings, camouflage 1, gelatinous body 1,
(nimble swimmer 1), tentacles
a: Renounce Religion, Shatter the Chains


You were in a volcano.
You worshipped Ashenzari.
Ashenzari was pleased with you.
You visited 3 branches of the dungeon, and saw 14 of its levels.
You also visited: Ossuary and Volcano.

You collected 690 gold pieces.

Inventory:

Hand Weapons
 z - the cursed +12 trident "Eternal Together" (weapon) {drain, rF+ rN+ Int+5, Alch, Comp}
   (You took it off an orc wizard on level 7 of the Dungeon)

   A truly terrible weapon, it drains the life of those it strikes.
   It affects your intelligence (+5).
   It protects you from fire.
   It protects you from negative energy.
   It has a curse which improves the following skills: Alchemy: Poison Magic and
   Transmutations.
   Companions: Summonings and Necromancy.
Missiles
 d - 89 bolts
 e - 315 stones
 i - 185 arrows
 t - 17 boomerangs
 x - 22 poisoned darts (quivered)
 C - 61 sling bullets
Armour
 E - the cursed +0 kite shield of the Cryptic Black Moon (worn) {Evo, Fort}
   (You found it on level 4 of the Dungeon)

   It has a curse which improves the following skills: Evocations: Evocations.
   Fortitude: Shields.
Jewellery
 r - an amulet of regeneration (around mantle)
   (You found it on level 2 of the Lair of Beasts)
 s - the cursed ring "At What Cost Knowledge?" (left tentacle) {SInv, Alch, Comp}
   (You found it on level 8 of the Dungeon)

   [ring of see invisible]

   It lets you see invisible.
   It has a curse which improves the following skills: Alchemy: Poison Magic and
   Transmutations.
   Companions: Summonings and Necromancy.
 F - the cursed ring of the Sublime Prison (right tentacle) {Ice, Bglg, Fort}
   (You found it on level 5 of the Dungeon)

   [ring of ice]

   It enhances your ice magic.
   It makes you vulnerable to fire.
   It protects you from cold.
   It has a curse which improves the following skills: Beguiling: Conjurations,
   Hexes and Translocations.
   Fortitude: Shields.
Wands
 A - a wand of acid (7)
   (You took it off Pikel on level 5 of the Dungeon)
 I - a wand of iceblast (3)
   (You took it off an orc on level 10 of the Dungeon)
 V - a wand of flame (32)
   (You found it on level 11 of the Dungeon)
Scrolls
 a - 2 scrolls of enchant weapon
 b - 5 scrolls of amnesia
 m - a scroll of fear
 o - 3 scrolls of summoning
 p - a scroll of silence
 q - 3 scrolls of vulnerability
 u - a scroll of fog
 y - a scroll of holy word
 B - a scroll of blinking
 D - a scroll of immolation
 M - a scroll of magic mapping
 T - 7 scrolls of teleportation
Potions
 c - 3 potions of heal wounds
 f - a potion of might
 g - a potion of magic
 h - 2 potions of brilliance
 j - 2 potions of mutation
 l - a potion of flight
 n - a potion of resistance
 v - a potion of lignification
 w - a potion of cancellation
 H - 6 potions of haste
 Q - 4 potions of curing


   Skills:
 - Level 8.0 Fighting
 - Level 5.8(6.0) Polearms
 - Level 2.0(4.1) Staves
 - Level 6.0 Dodging
 - Level 6.0 Stealth
 - Level 7.6(10.0) Shields
 - Level 7.0 Spellcasting
 - Level 6.0(7.4) Conjurations
 - Level 4.7(7.0) Summonings
 - Level 1.0(2.3) Necromancy
 - Level 3.0(4.2) Translocations
 - Level 3.3 Fire Magic
 - Level 1.0 Ice Magic
 - Level 5.7 Air Magic
 + Level 6.0 Earth Magic
 - Level 4.0(6.1) Poison Magic
 - Level 3.4(4.7) Evocations


You had 4 spell levels left.
You knew the following spells:

 Your Spells              Type           Power      Damage    Failure   Level
a - Foxfire               Conj/Fire      100%       2x1d9     1%          1
b - Poisonous Vapours     Pois/Air       74%        N/A       1%          2
c - Frozen Ramparts       Ice            38%        1d5       26%         3
d - Mephitic Cloud        Conj/Pois/Air  39%        N/A       3%          3
e - Summon Lightning Spi  Summ/Air       39%        N/A       10%         4
f - Sticky Flame          Conj/Fire      34%        2d5       14%         4
g - Blink                 Tloc           N/A        N/A       3%          2
h - Call Imp              Summ           42%        N/A       1%          2

Your spell library contained the following spells:

 Spells                   Type           Power      Damage    Failure   Level
 Magic Dart               Conj           100%       1d8       1%          1
 Summon Small Mammal      Summ           100%       N/A       1%          1
 Call Canine Familiar     Summ           42%        N/A       2%          3
 Sting                    Tmut/Pois      92%        1d7       3%          1
 Conjure Flame            Conj/Fire      34%        6-21      4%          3
 Freeze                   Ice            76%        1d9       9%          1
 Dazzling Flash           Conj/Hex       52%        N/A       9%          3
 Summon Guardian Golem    Hex/Summ       25%        N/A       10%         3
 Ignite Poison            Fire/Tmut/Pois 24%        N/A       11%         3
 Spider Form              Tmut/Pois      11%        N/A       11%         3
 Olgreb's Toxic Radiance  Pois           37%        N/A       11%         4
 Beastly Appendage        Tmut           18%        N/A       12%         1
 Slow                     Hex            9%         N/A       19%         2
 Wereblood                Tmut           9%         N/A       19%         2
 Inner Flame              Hex/Fire       16%        N/A       21%         3
 Hailstorm                Conj/Ice       43%        3d10      24%         4
 Ozocubu's Armour         Ice            19%        N/A       26%         3
 Summon Ice Beast         Ice/Summ       41%        N/A       26%         4
 Ice Form                 Ice/Tmut       17%        N/A       71%         4
 Iskenderun's Battlesphe  Conj           44%        2d10      19%         5
 Bolt of Magma            Conj/Fire/Erth 17%        4d9       36%         5
 Fireball                 Conj/Fire      17%        3d9       38%         5
 Iron Shot                Conj/Erth      20%        9d5       78%         6
 Metabolic Englaciation   Hex/Ice        8%         N/A       96%         5
 Orb of Destruction       Conj           22%        9d9       99%         7
 Spellforged Servitor     Conj/Summ      21%        N/A       99%         7


Dungeon Overview and Level Annotations

Branches:
Dungeon (11/15)            Temple (1/1) D:7            Lair (2/6) D:9
  Swamp (0/4) Lair:2          Orc (0/2) D:10        Ossuary (visited)
Volcano (1/1)
  Snake: Lair:2-4    Spider: Lair:2-4

Altars:
Ashenzari
Cheibriados
Dithmenos
Elyvilon
Fedhas
Gozag
Hepliaklqana
Kikubaaqudgha
Makhleb
Nemelex Xobeh
Okawaru
Qazlal
Ru
Sif Muna
Trog
Uskayaw
Vehumet
Wu Jian
Xom
Yredelemnul
Zin
The Shining One
Beogh

Shops:
D:4 (

Portals:
Abyss: D:9
Gauntlet: Lair:2

Annotations:
D:9 2 transporters, dickylongcocking's ghost, journeyman OpDe


Innate Abilities, Weirdness & Mutations

You cannot wear most types of armour.
You are amphibious.
You can wear up to eight rings at the same time.
Your skin changes colour to match your surroundings (Stealth+).
Your rubbery body absorbs attacks. (AC +1, EV +1)
((You are camouflaged near water. (Stealth+)))
You have tentacles for arms and can constrict up to eight enemies at once.


Message History

Aim: a two-headed ogre, wielding two +0 giant clubs of flaming (moderately wounded, confused, very poisoned) Poisonous vapours surround the two-headed ogre!
The two-headed ogre looks as sick as possible!
A two-headed ogre comes into view.
It is wielding two +0 giant clubs of flaming.
You now have 8/22 mp.
Casting: Poisonous Vapours (safe; 1% risk of failure)
Confirm with . or Enter, or press ? or * to list all spells.
Aiming: Mephitic Cloud (mildly dangerous; 3% risk of failure)
Press: ? - help, Shift-Dir - straight line, f - two-headed ogre, p - two-headed ogre
Aim: a two-headed ogre, wielding two +0 giant clubs of flaming (heavily wounded, extremely poisoned, ally target, chance to affect: 53%)
The ball explodes into a vile cloud!
The stinking cloud engulfs the two-headed ogre but does no damage.
The two-headed ogre is heavily wounded.
The stinking cloud engulfs your lightning spire but does no damage.
The two-headed ogre is engulfed in noxious fumes.
Your lightning spire shoots out a bolt of lightning at the two-headed ogre!
The bolt of electricity hits the two-headed ogre.
You now have 5/22 mp.
You puncture the two-headed ogre!
The two-headed ogre is almost dead.
The two-headed ogre is engulfed in noxious fumes.
The two-headed ogre appears confused.
A two-headed ogre comes into view.
It is wielding a +3 great mace of flaming and a +0 giant club of flaming.
Your lightning spire shoots out a bolt of lightning at the two-headed ogre!
The bolt of electricity hits the two-headed ogre!
The two-headed ogre dies!
Casting: Mephitic Cloud (mildly dangerous; 3% risk of failure)
Confirm with . or Enter, or press ? or * to list all spells.
Aiming: Mephitic Cloud (mildly dangerous; 3% risk of failure)
Press: ? - help, Shift-Dir - straight line The ball explodes into a vile cloud!
The stinking cloud engulfs your lightning spire but does no damage.
You now have 3/22 mp.
Casting: Mephitic Cloud (mildly dangerous; 3% risk of failure)
Confirm with . or Enter, or press ? or * to list all spells.
Aiming: Poisonous Vapours (safe; 1% risk of failure)
Press: ? - help, Dir - move target, f - two-headed ogre
Aim: a two-headed ogre, wielding two +0 giant clubs of flaming Poisonous vapours surround the two-headed ogre!
The two-headed ogre is poisoned.
The two-headed ogre is engulfed in noxious fumes.
The two-headed ogre appears confused.
You now have 1/22 mp.
Casting: Poisonous Vapours (safe; 1% risk of failure)
Confirm with . or Enter, or press ? or * to list all spells.
You don't have enough magic to cast this spell.
Unknown command.
Throw: 27 darts (poison)
Press: ? - help, Q - select action, (/) - cycle Shift-Dir - straight line, f/p - two-headed ogre
Aim: a two-headed ogre, wielding two +0 giant clubs of flaming (noxious fumes, very poisoned, 77% to hit)
Really fire in your lightning spire's direction?
Okay, then.
Unknown command.
Unknown command.
Throw: 27 darts (poison)
Press: ? - help, Q - select action, (/) - cycle Shift-Dir - straight line, f - two-headed ogre, p - two-headed ogre
Aim: a two-headed ogre, wielding two +0 giant clubs of flaming (heavily wounded, confused, very poisoned, ally target, 87% to hit)
You throw a poisoned dart.
The poisoned dart hits the two-headed ogre.
The two-headed ogre looks as sick as possible!
The two-headed ogre is heavily wounded.
The two-headed ogre is engulfed in noxious fumes.
The two-headed ogre appears confused.
The two-headed ogre hits your lightning spire with a +0 giant club of flaming!
The two-headed ogre completely misses your lightning spire.
The two-headed ogre is engulfed in noxious fumes.
The two-headed ogre appears confused.
The two-headed ogre hits your lightning spire with a +0 giant club of flaming!
The two-headed ogre hits your lightning spire with a +0 giant club of flaming!!
Your lightning spire is destroyed!
Throw: 26 darts (poison)
Press: ? - help, Q - select action, (/) - cycle Shift-Dir - straight line, f - two-headed ogre, p - two-headed ogre
Aim: a two-headed ogre, wielding two +0 giant clubs of flaming (lightly wounded, confused, very poisoned, 87% to hit)
You throw a poisoned dart.
The poisoned dart hits the two-headed ogre.
The two-headed ogre is lightly wounded.
The two-headed ogre is engulfed in noxious fumes.
The two-headed ogre appears confused.
The two-headed ogre is engulfed in noxious fumes.
The two-headed ogre appears confused.
The two-headed ogre asks, "Where am I?"
Throw: 25 darts (poison)
Press: ? - help, Q - select action, (/) - cycle Shift-Dir - straight line, f/p - two-headed ogre
Aim: a two-headed ogre, wielding two +0 giant clubs of flaming (lightly wounded, confused, very poisoned, 87% to hit)
You throw a poisoned dart.
The poisoned dart hits the two-headed ogre.
The two-headed ogre looks as sick as possible!
The two-headed ogre is severely wounded.
The air gets thick with the scent of sulphur.
The two-headed ogre laughs at nothing.
The two-headed ogre falls into the lava!
The two-headed ogre is incinerated.
You hear a sizzling splash. x2
The two-headed ogre cries.
Your Earth Magic skill increases to level 5!
In the distance, the volcano erupts with a roar.
The two-headed ogre seems less confused.
You reach to attack!
You hit the two-headed ogre.
The two-headed ogre is almost dead.
You block the two-headed ogre's attack. x2
You puncture the two-headed ogre!
You kill the two-headed ogre!
Your Earth Magic skill increases to level 6!
You start resting.
A two-headed ogre is nearby!
You regained 2 mp, and now have 6/22 mp.
Casting: Poisonous Vapours (safe; 1% risk of failure)
Confirm with . or Enter, or press ? or * to list all spells.
An electric hum fills the air.
The two-headed ogre shouts in stereo!
You now have 2/22 mp.
Casting: Summon Lightning Spire (dangerous; 10% risk of failure)
Confirm with . or Enter, or press ? or * to list all spells.
Aiming: Poisonous Vapours (safe; 1% risk of failure)
Press: ? - help, Dir - move target, f - two-headed ogre
Aim: a two-headed ogre, wielding a +3 great mace of flaming and a +0 giant club of flaming (ally target) Poisonous vapours surround the two-headed ogre!
The two-headed ogre is poisoned.
Your lightning spire shoots out a bolt of lightning at the two-headed ogre!
The bolt of electricity hits the two-headed ogre!
You now have 1/22 mp.
Throw: 24 darts (poison)
Press: ? - help, Q - select action, (/) - cycle Shift-Dir - straight line, f/p - two-headed ogre
Aim: a two-headed ogre, wielding a +3 great mace of flaming and a +0 giant club of flaming (moderately wounded, very poisoned, ally target, 77% to hit)
You throw a poisoned dart.
The poisoned dart completely misses the two-headed ogre.
Unknown command.
Throw: 23 darts (poison)
Press: ? - help, Q - select action, (/) - cycle Shift-Dir - straight line, f/p - two-headed ogre
Aim: a two-headed ogre, wielding a +3 great mace of flaming and a +0 giant club of flaming (moderately wounded, very poisoned, ally target, 77% to hit)
You throw a poisoned dart.
The poisoned dart hits the two-headed ogre.
The two-headed ogre looks as sick as possible!
The two-headed ogre is moderately wounded.
You hit the two-headed ogre.
The two-headed ogre is heavily wounded.
The air gets thick with the scent of sulphur.
The two-headed ogre barely misses you.
The two-headed ogre hits you with a +0 giant club of flaming!!
The two-headed ogre burns you!
You take 32 damage, and have 50/82 hp.
MASSIVE DAMAGE!!
Your lightning spire shoots out a bolt of lightning at the two-headed ogre!
The bolt of electricity hits the two-headed ogre!
You strike the helpless two-headed ogre from behind!
You hit the two-headed ogre.
The two-headed ogre is severely wounded.
The two-headed ogre hits you with a +3 great mace of flaming!!
The two-headed ogre burns you.
The two-headed ogre hits you with a +0 giant club of flaming!!
You die...

#.....#
#8...8#
#.....#
#..)..#
#8...8#
#...(.#
#..8..#
#8..O8#
#...@.#
#.....#
#8.∩.8#
##...##
##∩##
###


You could see a two-headed ogre (very poisoned, ally target) and a friendly
lightning spire (summoned).

Vanquished Creatures
  5 two-headed ogres
  Pikel (D:5)
  A cyclops (D:9)
  A rime drake (Lair:1)
  A komodo dragon (Lair:1)
  4 cane toads
  5 trolls
  Prince Ribbit (D:5)
  4 blink frogs (Lair:1)
  A shadow (D:11)
  A vampire (D:10)
  A wraith (D:9)
  2 wyverns
  2 fire bats (Lair:2)
  15 yaks
  A steam dragon (D:9)
  An acid dragon (D:10)
  A sky beast (D:7)
  4 water moccasins
  6 orc warriors
  2 black bears
  2 necrophages
  2 ogres
  4 centaurs
  2 phantoms
  An elf zombie (Ossuary)
  2 kobold brigands
  4 bullfrogs
  4 scorpions
  A water moccasin skeleton (D:6)
  4 killer bees
  28 wights
  6 howler monkeys
  2 electric eels (D:10)
  9 centaur zombies
  A jelly (D:6)
  4 orc priests
  2 hounds
  2 centaur skeletons (D:7)
  2 iguanas (D:6)
  9 orc wizards
  A hound skeleton (D:4)
  2 mummies (Ossuary)
  2 howler monkey zombies (D:9)
  3 adders
  8 gnolls
  A white imp (D:8)
  A worm (D:5)
  2 dart slugs
  29 orcs
  4 endoplasms
  2 giant cockroaches
  3 goblins
  5 hobgoblins
  11 jackals
  3 quokkas
  5 ball pythons
  2 bats (D:1)
  3 goblin zombies (Ossuary)
  11 hobgoblin zombies (Ossuary)
  9 kobolds
  9 kobold zombies (Ossuary)
  9 orc zombies (Ossuary)
  2 rats
  A rat zombie (Ossuary)
279 creatures vanquished.

Vanquished Creatures (collateral kills)
  An ogre mage (Volcano)
  A death knight (D:11)
  A two-headed ogre (Volcano)
  2 skeletal warriors (D:11)
  A cane toad (Lair:1)
  A rime drake (Lair:2)
  A komodo dragon (Lair:2)
  The ghost of pigah the Gusty, a novice OpWn (D:5)
  Grinder (D:5)
  2 yaks (Lair:2)
  A fire bat (Lair:2)
  A wraith (D:11)
  A steam dragon (D:6)
  3 water moccasins
  A sky beast (D:5)
  Blork the orc (D:6)
  A wight (D:5)
  A hound (D:4)
  An orc (D:7)
  4 foxfires
27 creatures vanquished.

Vanquished Creatures (others)
  An orc (D:10)
  1066 foxfires
  5 fungi
  15 plants
1087 creatures vanquished.

Grand Total: 1393 creatures vanquished

Notes
Turn   | Place    | Note
-------+----------+-------------------------------------------
     0 | D:1      | mdonais the Octopode Wanderer began the quest for the Orb.
     0 | D:1      | mdonais set off with the following items: a +0 dagger; and
                  | the following spells available to memorise: Foxfire, Magic
                  | Dart, Summon Small Mammal, Blink, Call Imp, Slow, Conjure
                  | Flame, Dazzling Flash, Mephitic Cloud, Summon Guardian
                  | Golem
     0 | D:1      | Reached XP level 1. HP: 13/13 MP: 4/4
     3 | D:1      | Learned a level 1 spell: Foxfire
   265 | D:1      | Reached XP level 2. HP: 13/18 MP: 0/6
   288 | D:1      | Reached skill level 1 in Conjurations
   384 | D:1      | Reached skill level 1 in Fire Magic
   763 | D:1      | Learned a level 2 spell: Blink
   766 | D:1      | Learned a level 2 spell: Call Imp
   965 | D:2      | Reached XP level 3. HP: 10/23 MP: 2/7
  1865 | D:3      | Reached skill level 1 in Dodging
  1977 | D:3      | Reached XP level 4. HP: 29/29 MP: 0/8
  2226 | D:3      | Reached skill level 2 in Fighting
  2593 | D:3      | Reached skill level 1 in Stealth
  2990 | D:3      | Reached XP level 5. HP: 34/34 MP: 4/9
  3074 | D:3      | Found a faded altar of an unknown god.
  3224 | D:4      | Noticed a phantom
  3432 | D:4      | Found a blossoming altar of Fedhas.
  3680 | D:4      | Killed a phantom
  3935 | D:4      | Found Suinem's Antique Weapon Boutique.
  4135 | D:4      | Reached XP level 6. HP: 39/39 MP: 5/10
  4332 | D:4      | Found a sacrificial altar of Ru.
  4433 | D:4      | Identified the +0 ring mail of Ipidias {rN++ Dex-4 Slay+4}
  4655 | D:4      | Reached XP level 7. HP: 45/45 MP: 2/11
  4661 | D:4      | Learned a level 3 spell: Mephitic Cloud
  5292 | D:5      | Entered Level 5 of the Dungeon
  5362 | D:5      | Learned a level 2 spell: Poisonous Vapours
  5517 | D:5      | Found a sand-covered staircase.
  5525 | Ossuary  | Entered an ossuary
  6073 | Ossuary  | Reached skill level 1 in Air Magic
  6073 | Ossuary  | Reached skill level 1 in Poison Magic
  6254 | Ossuary  | Reached skill level 1 in Translocations
  6331 | Ossuary  | Reached skill level 3 in Fighting
  6429 | D:5      | Noticed Grinder
  6467 | D:5      | Paralysed by Grinder for 5 turns
  6480 | D:5      | Killed Grinder
  6481 | D:5      | Reached XP level 8. HP: 52/52 MP: 0/13
  6589 | D:5      | Found a large runed translucent door.
  6590 | D:5      | Found a large runed translucent door.
  6671 | D:5      | Found a white marble altar of Elyvilon.
  6765 | D:5      | Found an ornate altar of the Wu Jian Council.
  6865 | D:5      | Noticed Pikel
  6877 | D:5      | Killed Pikel
  6878 | D:5      | Reached skill level 5 in Conjurations
  6878 | D:5      | Reached skill level 1 in Summonings
  6878 | D:5      | Reached XP level 9. HP: 34/58 MP: 1/14
  7007 | D:5      | Found a runed translucent door.
  7011 | D:5      | Noticed pigah's ghost (novice OpWn)
  7022 | D:5      | Killed pigah's ghost
  7023 | D:5      | Reached skill level 4 in Fighting
  7537 | D:5      | Learned a level 4 spell: Summon Lightning Spire
  7661 | D:6      | Noticed Prince Ribbit
  7682 | D:5      | Killed Prince Ribbit
  8582 | D:6      | Found a broken altar of Ashenzari.
  8583 | D:6      | Noticed Blork the orc
  8600 | D:6      | Killed Blork the orc
  8725 | D:6      | Became a worshipper of Ashenzari the Shackled
  9285 | D:6      | Found a stormy altar of Qazlal.
  9362 | D:6      | Found a shimmering altar of Xom.
  9540 | D:6      | Found a broken altar of Ashenzari.
  9793 | D:6      | Found a shimmering altar of Xom.
  9943 | D:6      | Found a stormy altar of Qazlal.
 10283 | D:7      | Identified the +2 leather armour of the Pink Corner {Regen+
                  | Dex+4}
 10301 | D:7      | Reached skill level 5 in Air Magic
 10301 | D:7      | Reached XP level 10. HP: 47/65 MP: 7/18
 10474 | D:7      | Reached skill level 5 in Spellcasting
 10543 | D:7      | Found a sparkling altar of Nemelex Xobeh.
 10544 | D:7      | Found an opulent altar of Gozag.
 10544 | D:7      | Identified the +12 trident of Kerejed {drain, rF+ rN+
                  | Int+5}
 10712 | D:7      | Found a staircase to the Ecumenical Temple.
 10721 | D:7      | Reached * piety under Ashenzari
 10765 | Temple   | Entered the Ecumenical Temple
 11090 | D:7      | Found a glowing golden altar of the Shining One.
 11304 | D:7      | Reached skill level 5 in Stealth
 11590 | D:7      | Reached skill level 1 in Polearms
 12906 | D:9      | Noticed a wizard
 12949 | D:9      | Found a radiant altar of Vehumet.
 12975 | D:9      | Reached skill level 5 in Fighting
 13235 | D:9      | Found a transporter.
 13236 | D:9      | Found a one-way gate to the infinite horrors of the Abyss.
 13236 | D:9      | Noticed dickylongcocking's ghost (journeyman OpDe)
 13239 | D:9      | Upgraded the game from 0.27-a0-1299-g1ab19c6527 to
                  | 0.27-a0-1312-g5cdb2b3542
 13290 | D:9      | Noticed a cyclops
 13295 | D:9      | Killed a cyclops
 13814 | D:9      | Found a transporter.
 13823 | D:9      | Noticed a skeletal warrior
 14081 | D:9      | Reached ** piety under Ashenzari
 14194 | D:9      | Found a staircase to the Lair.
 14346 | D:10     | Entered Level 10 of the Dungeon
 14571 | D:10     | Reached XP level 11. HP: 33/72 MP: 9/20
 14969 | D:10     | Reached skill level 5 in Shields
 15581 | D:10     | Noticed a two-headed ogre
 15600 | D:10     | Killed a two-headed ogre
 15601 | D:10     | Reached skill level 6 in Fighting
 16485 | D:10     | Found a staircase to the Orcish Mines.
 16801 | D:11     | Noticed a two-headed ogre
 17381 | D:11     | Reached skill level 5 in Polearms
 17871 | D:11     | Noticed a skeletal warrior
 17893 | D:11     | Killed a skeletal warrior
 17986 | D:11     | Noticed a skeletal warrior
 18047 | D:11     | Killed a skeletal warrior
 18152 | D:11     | Noticed a death knight
 18196 | D:11     | Killed a two-headed ogre
 18312 | D:11     | Killed a death knight
 18313 | D:11     | Reached skill level 7 in Fighting
 18313 | D:11     | Reached XP level 12. HP: 7/81 MP: 3/22
 18649 | D:11     | Learned a level 4 spell: Sticky Flame
 18653 | D:11     | Learned a level 3 spell: Frozen Ramparts
 18809 | Lair:1   | Entered Level 1 of the Lair of Beasts
 18993 | Lair:1   | Reached skill level 5 in Dodging
 19056 | Lair:1   | Reached skill level 1 in Earth Magic
 20256 | Lair:2   | Found a gate leading to a gauntlet.
 20315 | Lair:2   | Reached skill level 8 in Fighting
 20318 | Lair:2   | Found a dark tunnel.
 20573 | Volcano  | Entered a volcano
 20589 | Volcano  | Noticed an ogre mage
 20597 | Volcano  | Paralysed by an ogre mage for 4 turns
 20602 | Volcano  | Killed an ogre mage
 20607 | Volcano  | Found a radiant altar of Vehumet.
 20608 | Volcano  | Noticed a two-headed ogre
 20612 | Volcano  | Noticed a two-headed ogre
 20615 | Volcano  | Noticed a two-headed ogre
 20618 | Volcano  | Killed a two-headed ogre
 20620 | Volcano  | Noticed a two-headed ogre
 20622 | Volcano  | Noticed a two-headed ogre
 20622 | Volcano  | Killed a two-headed ogre
 20631 | Volcano  | Killed a two-headed ogre
 20632 | Volcano  | Reached skill level 5 in Earth Magic
 20636 | Volcano  | Killed a two-headed ogre
 20660 | Volcano  | Slain by a two-headed ogre

Illustrated notes

Levels and vault maps discovered:
D:1:      minmay_arrival_cross, layout_basic, serial_bayou_crossing
D:2:      layout_loops_ring
D:3:      layout_basic, hellmonk_ecumenical_altar_defaced_shrine
D:4:      layout_layer_cave, fedhas_ov_isle_minmay,
          nicolae_ru_the_path_less_chosen, serial_shops, shop_statue,
          dk_noncrumbling_2
D:5:      layout_loops_ring, jmf_multi_god_temple2, nicolae_ossuary_entry_ruins,
          ebering_ghost_reflecting_pool, uniq_grinder, uniq_pikel
D:6:      layout_cave_pools, general_overflow_altar, lemuel_doored_altar,
          evilmike_ruin_ashenzari, uniq_blork_the_orc, uniq_prince_ribbit1
D:7:      layout_loops_corners, grunt_temple_overflow_opulence, tso_metal_star,
          minmay_temple_entry_mist, hangedman_decor_clover_reticule,
          chequers_serial_rivers_marsh
D:8:      layout_cave_pools, kennysheep_small_circle
D:9:      layout_loops_corners, vehumet_crystals, lair_entry_dummy,
          gammafunk_ghost_abyssal_escape
D:10:     layout_roguey, erik_orc_2
D:11:     layout_basic, amcnicky_mini_corridor_feature
Temple:   minmay_temple_curvy_loop
Lair:1:   layout_loops_ring, grunt_megastairs_2
Lair:2:   layout_misc_corridors, minmay_swamp_entry_worms,
          nicolae_volcano_entry_batcave, gauntlet_entry_generic,
          hangedman_tree_tricks, roderic_carrion_pond
Volcano:  kennysheep_volcano_temple

Skill      XL: |  1  2  3  4  5  6  7  8  9 10 11 12 |
---------------+-------------------------------------+-----
Conjurations   | 1 2 3 4 5 6 |  6.0
Fire Magic     | 1 2 3 |  3.3
Dodging        | 1 2 3 4 6 |  6.0
Fighting       | 2 3 4 5 7 8 |  8.0
Stealth        | 1 2 3 4 5 6 |  6.0
Air Magic      | 2 4 5 |  5.7
Poison Magic   | 2 4 |  4.0
Translocations | 1 2 3 |  3.0
Summonings     | 1 3 4 |  4.7
Spellcasting   | 4 6 7 |  7.0
Shields        | 3 4 6 7 |  7.6
Evocations     | 2 3 |  3.4
Polearms       | 3 5 |  5.8
Earth Magic    | 6 |  6.0
Staves         | |  2.0
Necromancy     | |  1.0
Ice Magic      | |  1.0

Action                   |  1- 3 |  4- 6 |  7- 9 | 10-12 || total
-------------------------+-------+-------+-------+-------++-------
Melee: Dagger            |    18 |    12 |    43 |       ||    73
       Constrict         |     7 |     2 |    10 |    12 ||    31
       Tentacles         |     5 |     3 |    11 |    22 ||    41
       Falchion          |       |       |    11 |       ||    11
       Trident           |       |       |       |   171 ||   171
Throw: Stone             |     1 |       |       |       ||     1
       Boomerang         |       |       |     1 |       ||     1
       Dart              |       |       |       |    10 ||    10
 Cast: Foxfire           |    66 |    94 |   200 |   292 ||   652
       Call Imp          |       |     4 |    26 |    12 ||    42
       Poisonous Vapours |       |       |    36 |   152 ||   188
       Blink             |       |       |     4 |     1 ||     5
       Mephitic Cloud    |       |       |     1 |    21 ||    22
       Summon Lightning  |       |       |       |    20 ||    20
       Frozen Ramparts   |       |       |       |     1 ||     1
Invok: Curse Item        |       |       |     1 |     5 ||     6
       Shatter the Chain |       |       |       |     2 ||     2
Evoke: Wand              |       |       |     1 |     5 ||     6
  Use: Scroll            |       |     1 |     1 |     1 ||     3
 Stab: Sleeping          |       |     1 |     2 |     1 ||     4
       Distracted        |       |       |     1 |     1 ||     2
       Confused          |       |       |       |     5 ||     5
Armor: Skin              |     6 |       |     5 |     3 ||    14
Dodge: Dodged            |    15 |    17 |    71 |    90 ||   193
Block: Buckler           |       |       |     5 |     5 ||    10
       Kite shield       |       |       |       |    60 ||    60
       Rpst.: Falchion   |       |       |     6 |       ||     6

Table legend: (Time is in decaauts)
 A = Elapsed time spent in this place.
 B = Non-inter-level travel time spent in this place.
 C = Inter-level travel time spent in this place.
 D = Time resting spent in this place.
 E = Time spent auto-exploring this place.
 F = Levels seen in this place.
 G = Mean time per level.
                   A        B        C        D        E       F      G
               +--------+--------+--------+--------+--------+-----+--------+
         Total |  20708 |  19951 |    757 |   8061 |   7853 |  16 | 1294.2 |
       Dungeon |  17765 |  17056 |    709 |   6827 |   6866 |  11 | 1615.0 |
        Temple |    213 |    190 |     23 |      0 |    189 |   1 |  213.0 |
          Lair |   1768 |   1745 |     23 |    682 |    781 |   2 |  884.0 |
       Ossuary |    872 |    872 |      0 |    539 |     17 |   1 |  872.0 |
       Volcano |     88 |     88 |      0 |     13 |      0 |   1 |   88.0 |
               +--------+--------+--------+--------+--------+-----+--------+

Top non-repeatable levels by time:
    D:10: 2327 daAuts
    D:11: 2102 daAuts
     D:4: 2028 daAuts
     D:6: 1960 daAuts
     D:5: 1920 daAuts
     D:9: 1519 daAuts
     D:3: 1398 daAuts
  Lair:1: 1386 daAuts
     D:7: 1378 daAuts
     D:2: 1180 daAuts
     D:8: 1160 daAuts
 Ossuary: 872 daAuts
     D:1: 789 daAuts
  Lair:2: 382 daAuts
  Temple: 213 daAuts
